 Dungeon Crawl Stone Soup version 0.20-a0-495-g2241292 (webtiles) character file.

7044 dondy the Destroyer (level 10, -8/52 HPs)
             Began as a Deep Elf Conjurer on Jan 18, 2017.
             Was a High Priest of Sif Muna.
             Shot with an arrow by a centaur warrior (27 damage)
             ... on level 10 of the Dungeon.
             The game lasted 01:05:32 (13299 turns).

dondy the Destroyer (Deep Elf Conjurer)            Turns: 13299, Time: 01:05:32

Health: -8/52      AC: 10    Str:  5    XL:     10   Next: 83%
Magic:  7/28       EV: 14    Int: 24    God:    Sif Muna [*****.]
Gold:   449        SH:  4    Dex: 15    Spells: 2/33 levels left

rFire    . . .     SeeInvis .   C - staff of cold
rCold    + . .     Gourm    .   L - +2 robe {MR+}
rNeg     . . .     Faith    +   w - +0 buckler
rPois    .         Spirit   .   F - +0 helmet
rElec    .         Reflect  .   K - +2 cloak
rCorr    +         Harm     .   O - +0 pair of gloves
MR       ++...                  G - +0 pair of boots
Stlth    ++........             N - amulet of faith
Regen    0.2/turn               (no ring)
                                E - ring of resist corrosion

@: divine energy
A: no striking features
a: Stop Divine Energy, Channel Magic, Forget Spell, Renounce Religion


You were on level 10 of the Dungeon.
You worshipped Sif Muna.
Sif Muna was extremely pleased with you.
You were hungry.

You visited 2 branches of the dungeon, and saw 11 of its levels.

You collected 611 gold pieces.
You spent 162 gold pieces at shops.

Inventory:

Armour
 b - a +0 troll leather armour
 w - a +0 buckler (worn)
 F - a +0 helmet (worn)
 G - a +0 pair of boots (worn)
 K - a +2 cloak (worn)
 L - a +2 robe of magic resistance (worn)
 O - a +0 pair of gloves (worn)
Magical Staves
 C - an uncursed staff of cold (weapon)
 I - an uncursed staff of poison
Jewellery
 a - an uncursed ring of fire {unknown}
 E - a ring of resist corrosion (left hand)
 N - an amulet of faith (around neck)
 P - an uncursed amulet of guardian spirit {unknown}
 S - an uncursed amulet of rage {unknown}
Wands
 y - a wand of scattershot (6/9)
 M - a wand of disintegration (0/24)
 X - a wand of flame (25/48)
Scrolls
 e - 2 scrolls of enchant weapon
 i - 7 scrolls of remove curse
 k - 4 scrolls of amnesia
 m - a scroll of recharging {unknown}
 p - 4 scrolls of identify {unknown}
 u - a scroll of fear
 v - 2 scrolls of teleportation
 B - a scroll of enchant armour {unknown}
 J - 5 scrolls of magic mapping {unknown}
 Q - a scroll of random uselessness {unknown}
 U - a scroll of blinking {unknown}
 V - a scroll of vulnerability {unknown}
 W - a scroll of silence {unknown}
Potions
 d - 5 potions of curing
 f - 3 potions of cancellation {unknown}
 g - a potion of magic {unknown}
 h - 7 potions of might
 j - 3 potions of lignification {unknown}
 l - 2 potions of resistance {unknown}
 n - 2 potions of invisibility {unknown}
 o - a potion of ambrosia {unknown}
 q - 2 potions of mutation
 r - 3 potions of heal wounds
 s - a potion of flight
 x - a potion of agility {unknown}
 z - a potion of haste {unknown}
 D - a potion of cure mutation {unknown}
 H - 2 potions of brilliance
Books
 Y - a book of Power

   Spells                             Type                      Level
   a - Fulminant Prism                Conjuration/Hexes            4
   b - Iskenderun's Mystic Blast      Conjuration                  4
   c - Venom Bolt                     Conjuration/Poison           5
   d - Bolt of Magma                  Conjuration/Fire/Earth       5
   e - Iron Shot                      Conjuration/Earth            6
   f - Orb of Destruction             Conjuration                  7
   g - Spellforged Servitor           Conjuration/Summoning        7
Comestibles
 c - 4 bread rations
 t - 3 slices of pizza
 A - 4 beef jerkies
 T - a meat ration


   Skills:
 + Level 1.5 Fighting
 + Level 4.8 Dodging
 - Level 2.4 Stealth
 + Level 1.9 Shields
 + Level 12.4 Spellcasting
 + Level 13.9 Conjurations
 + Level 1.2 Evocations


You had 2 spell levels left.
You knew the following spells:

 Your Spells              Type           Power        Failure   Level  Hunger
a - Magic Dart            Conj           ####         0%          1    None
b - Iskenderun's Mystic   Conj           ######..     1%          4    None
c - Iskenderun's Battles  Conj/Chrm      #####...     10%         5    ###....
d - Mephitic Cloud        Conj/Pois/Air  #####...     2%          3    None
e - Venom Bolt            Conj/Pois      #####.....   10%         5    ###....
f - Fulminant Prism       Conj/Hex       #####.....   2%          4    None
g - Orb of Destruction    Conj           ######....   14%         7    ######.
h - Passwall              Tmut/Erth      ##........   10%         2    None


Dungeon Overview and Level Annotations

Branches:
Dungeon (10/15)            Temple (1/1) D:4            Lair (0/6) D:8
    Orc: D:9-12

Altars:
Ashenzari
Cheibriados
Dithmenos
Elyvilon
Fedhas
Gozag
Hepliaklqana
Kikubaaqudgha
Makhleb
Nemelex Xobeh
Okawaru
Qazlal
Ru
Sif Muna
Trog
Uskayaw
Vehumet
Xom
Yredelemnul
Zin
The Shining One
Beogh

Shops:
D:4 *   D:6 !   D:8 !


Message History

You block the arrow.
Casting: Iskenderun's Battlesphere
Confirm with . or Enter, or press ? or * to list all spells.
You can't see any susceptible monsters within range! (Use Z to cast anyway.) Unknown command.
Casting: Iskenderun's Battlesphere
Confirm with . or Enter, or press ? or * to list all spells.
Aiming: Iskenderun's Mystic Blast
Press: ? - help, Shift-Dir - straight line, f - centaur warrior
Aim: a centaur warrior, wielding a shortbow (moderately wounded)
The orb of energy hits the centaur warrior.
The centaur warrior is heavily wounded.
Your battlesphere fires!
The barrage of energy hits the centaur warrior.
The centaur warrior is severely wounded.
The centaur warrior shoots an arrow.
The arrow closely misses your battlesphere.
The arrow hits you!!
Ouch! That really hurt!
You die...

#... #....#
#'######....#
#.c.........#.....#
#(..........#.....#
#...........#.....#
+...........#.....#
#.....##....#.....#
#.*...#######.....#
#.@ยง...#....#.....#
##......#....'.....#
#.......#....#......
#.......'....#......
#......#######......
##.....#............
#.....#............
.......+............
........#......###'#.


You could see a centaur warrior and a friendly battlesphere.

Vanquished Creatures
  A two-headed ogre (D:9)
  3 trolls (D:9)
  The ghost of sose the Insei, an amateur OpTm (D:4)
  A hippogriff (D:8)
  Sigmund (D:3)
  Edmund (D:6)
  2 hell hounds (D:8)
  3 sky beasts
  A black bear (D:7)
  4 orc warriors
  2 ice beasts
  2 phantoms (D:6)
  5 ogres
  3 centaurs
  The ghost of dondy the Conjurer, an amateur DECj (D:3)
  6 bullfrogs
  3 scorpions
  A wyvern skeleton (D:7)
  7 killer bees
  8 wights
  4 howler monkeys
  3 crimson imps
  2 centaur zombies
  4 jellies
  A quasit (D:7)
  8 hounds
  6 orc priests
  7 orc wizards
  Ijyb (D:3)
  A centaur skeleton (D:7)
  Crazy Yiuf (D:6)
  2 iguanas
  Terence (D:3)
  6 worker ants
  A killer bee zombie (D:4)
  A hound zombie (D:5)
  7 gnolls
  19 adders
  2 shadow imps (D:9)
  2 adder skeletons
  2 dart slugs
  5 worms
  3 leopard geckos
  63 orcs
  3 ball pythons
  6 giant cockroaches
  9 goblins
  8 hobgoblins
  12 jackals
  3 quokkas
  9 bats
  2 frilled lizards
  6 kobolds
  A quokka skeleton (D:5)
  7 rats
  A fulminant prism (D:8)
275 creatures vanquished.

Vanquished Creatures (others)
  A human (D:7)
  A quokka (D:3)
  31 fulminant prisms
33 creatures vanquished.

Grand Total: 308 creatures vanquished

Notes
Turn   | Place    | Note
-------+----------+-------------------------------------------
     0 | D:1      | dondy the Deep Elf Conjurer began the quest for the Orb.
     0 | D:1      | Reached XP level 1. HP: 10/10 MP: 6/6
   211 | D:1      | Reached XP level 2. HP: 15/15 MP: 4/8
   380 | D:1      | Reached skill level 5 in Conjurations
   563 | D:2      | Reached XP level 3. HP: 19/19 MP: 7/9
  1120 | D:2      | Reached skill level 6 in Conjurations
  1120 | D:2      | Reached XP level 4. HP: 20/24 MP: 6/10
  1172 | D:2      | Found a glowing silver altar of Zin.
  1290 | D:2      | Learned a level 4 spell: Iskenderun's Mystic Blast
  1472 | D:3      | Noticed Ijyb
  1679 | D:3      | Noticed Terence
  1762 | D:3      | Noticed Sigmund
  1904 | D:3      | Found a white marble altar of Elyvilon.
  1920 | D:3      | Noticed dondy's ghost (amateur DECj)
  1926 | D:4      | Found a staircase to the Ecumenical Temple.
  1929 | D:4      | Noticed sose's ghost (amateur OpTm)
  1932 | Temple   | Entered the Ecumenical Temple
  2125 | Temple   | Became a worshipper of Sif Muna the Loreminder
  2180 | D:3      | Reached XP level 5. HP: 13/28 MP: 3/12
  2205 | D:3      | Reached skill level 7 in Conjurations
  2271 | D:3      | Learned a level 5 spell: Iskenderun's Battlesphere
  2552 | D:3      | Killed Terence
  2977 | D:3      | Killed dondy's ghost
  2977 | D:3      | Reached XP level 6. HP: 33/33 MP: 8/14
  3048 | D:3      | Killed Ijyb
  3798 | D:3      | Killed Sigmund
  3798 | D:3      | Reached skill level 1 in Fighting
  3798 | D:3      | Reached skill level 5 in Spellcasting
  3798 | D:3      | Reached skill level 8 in Conjurations
  3798 | D:3      | Reached XP level 7. HP: 38/38 MP: 7/16
  3871 | D:4      | Found a shimmering altar of Xom.
  3879 | D:4      | Found a shimmering altar of Xom.
  3880 | D:4      | Found a shimmering altar of Xom.
  3884 | D:4      | Found Gozag's Platinum Reserve.
  3884 | D:4      | Found an opulent altar of Gozag.
  3888 | D:4      | Found a shimmering altar of Xom.
  3965 | D:4      | Reached * piety under Sif Muna
  4138 | D:4      | Found a shimmering altar of Xom.
  4582 | D:4      | Killed sose's ghost
  4879 | D:5      | Entered Level 5 of the Dungeon
  4941 | D:5      | Reached skill level 9 in Conjurations
  5253 | D:5      | Found a basalt altar of Yredelemnul.
  5342 | D:5      | Reached XP level 8. HP: 43/43 MP: 10/19
  6451 | D:5      | Reached skill level 10 in Conjurations
  6788 | D:6      | Reached ** piety under Sif Muna
  7084 | D:6      | Reached skill level 1 in Shields
  7237 | D:6      | Reached skill level 11 in Conjurations
  7237 | D:6      | Reached XP level 9. HP: 47/47 MP: 2/23
  7377 | D:6      | Found Udiynnur's Distillery.
  7398 | D:6      | Found a radiant altar of Vehumet.
  7443 | D:6      | Noticed Edmund
  7939 | D:6      | Found a runed door.
  8342 | D:6      | Killed Edmund
  8342 | D:6      | Reached *** piety under Sif Muna
  8342 | D:6      | Reached skill level 1 in Evocations
  8402 | D:6      | Noticed Crazy Yiuf
  8403 | D:6      | Killed Crazy Yiuf
  8784 | D:7      | Found a snail-covered altar of Cheibriados.
  8875 | D:7      | Reached skill level 12 in Conjurations
  8880 | D:7      | Learned a level 3 spell: Mephitic Cloud
  8886 | D:7      | Learned a level 5 spell: Venom Bolt
  8891 | D:7      | Learned a level 4 spell: Fulminant Prism
  8993 | D:7      | Found an ancient bone altar of Kikubaaqudgha.
  9404 | D:7      | Found a snail-covered altar of Cheibriados.
  9710 | D:8      | Found Siriemiq's Distillery.
  9713 | D:8      | Bought a potion of brilliance for 48 gold pieces
  9713 | D:8      | Bought a potion of mutation for 30 gold pieces
  9713 | D:8      | Bought a potion of might for 48 gold pieces
  9713 | D:8      | Bought a potion of flight for 36 gold pieces
  9746 | D:8      | Reached **** piety under Sif Muna
  9926 | D:8      | Reached skill level 10 in Spellcasting
 10012 | D:8      | Reached XP level 10. HP: 35/52 MP: 5/26
 10664 | D:8      | Reached skill level 13 in Conjurations
 10675 | D:8      | Found a staircase to the Lair.
 11192 | D:9      | Found an opulent altar of Gozag.
 11218 | D:9      | Learned a level 7 spell: Orb of Destruction
 11372 | D:9      | Reached ***** piety under Sif Muna
 11372 | D:9      | Identified Sif Muna's Papyrus of Transmutation (Sif Muna gifted it to you on level 9 of the Dungeon)
 11372 | D:9      | Received a gift from Sif Muna
 11582 | D:9      | Learned a level 2 spell: Passwall
 11815 | D:9      | Found a shadowy altar of Dithmenos.
 11816 | D:9      | Found a shimmering altar of Xom.
 12698 | D:9      | Found a roughly hewn altar of Beogh.
 12723 | D:9      | Found a sparkling altar of Nemelex Xobeh.
 12909 | D:9      | Noticed a two-headed ogre
 12915 | D:9      | Killed a two-headed ogre
 13198 | D:10     | Entered Level 10 of the Dungeon
 13267 | D:10     | Noticed a centaur warrior
 13299 | D:10     | Shot with an arrow by a centaur warrior

Vault maps used:
D:1:      dpeg_arrival_boxes_within_box, minmay_misc_feat_x
D:2:      lemuel_coloured_pillars_altar, first_bread
D:3:      elyvilon_altar_4, minmay_snake_closets, uniq_iyjb, uniq_sigmund,
          uniq_terence
D:4:      nicolae_gozag_zags_fifth_avenue, xom_redecorated
D:5:      marbit_many_paths
D:6:      overflow_temple_1_default, serial_shops, kennysheep_mini_moat,
          minmay_joined_circles, uniq_crazy_yiuf_cottage, uniq_edmund
D:7:      slow_altar_2, basic_altar, tgw_kikubaaqudgha
D:8:      minmay_lair_entry_lava, serial_shops, shop
D:9:      nemelex_xobeh_ov_fountains_minmay, gammafunk_temple_overflow_wave,
          basic_altar, special_room
D:10:     david_orc_3, enter_trove_3
Temple:   minmay_temple_forest_path

Skill      XL: |  1  2  3  4  5  6  7  8  9 10 |
---------------+-------------------------------+-----
Conjurations   | 5 6 7 8 9 11 12 13 | 13.9
Spellcasting   | 4 5 6 8 10 12 | 12.4
Dodging        | 3 4 |  4.8
Fighting       | 1 |  1.5
Shields        | 1 |  1.9
Evocations     | 1 |  1.2
Stealth        | |  2.4

Action                   |  1- 3 |  4- 6 |  7- 9 | 10-12 || total
-------------------------+-------+-------+-------+-------++-------
Melee: Staff             |       |       |     3 |     5 ||     8
 Cast: Magic Dart        |    63 |   160 |   160 |    44 ||   427
       Iskenderun's Myst |       |     9 |   126 |    81 ||   216
       Fulminant Prism   |       |       |     6 |    26 ||    32
       Iskenderun's Batt |       |       |       |     2 ||     2
       Mephitic Cloud    |       |       |       |     1 ||     1
Invok: Divine Energy     |       |       |     1 |       ||     1
Evoke: Wand              |       |       |     6 |       ||     6
  Use: Potion            |       |     3 |       |       ||     3
       Scroll            |       |     2 |     5 |       ||     7
  Eat: Chunk             |       |     9 |    18 |     9 ||    36
       Fruit             |       |     1 |    11 |       ||    12
Armor: Robe              |       |    36 |    15 |     7 ||    58
Dodge: Dodged            |     2 |    77 |    64 |    23 ||   166
Block: Buckler           |       |    14 |    21 |     5 ||    40
